 Dungeon Crawl Stone Soup version 0.21.1-1-g345015f (webtiles) character file.

113 Supreme the Digger (level 4, -3/24 HPs)
             Began as a Gargoyle Earth Elementalist on Apr 18, 2018.
             Was a Follower of Kikubaaqudgha.
             Slain by an ogre
             ... wielding a +0 giant club
              (20 damage)
             ... on level 2 of the Dungeon.
             The game lasted 00:20:33 (2123 turns).

Supreme the Digger (Gargoyle Earth Elementalist)    Turns: 2123, Time: 00:20:34

Health: -3/24      AC:  6    Str: 12    XL:     4   Next: 96%
Magic:  3/7        EV: 12    Int: 16    God:    Kikubaaqudgha [*.....]
Gold:   73         SH:  0    Dex: 10    Spells: 1/8 levels left

rFire    . . .     SeeInvis .   v - +0 short sword (venom)
rCold    . . .     Gourm    .   (no shield)
rNeg     + . .     Faith    .   c - +0 robe
rPois    ∞         Spirit   .   A - +0 helmet
rElec    +         Reflect  .   (no cloak)
rCorr    .         Harm     .   (no gloves)
MR       .....                  (no boots)
Stlth    ++........             (no amulet)
HPRegen  0.08/turn              (no ring)
MPRegen  0.10/turn              (no ring)

@: no status effects
A: negative energy resistance 1, electricity resistance, unbreathing,
petrification resistance, rot immunity, AC +3
a: Receive Corpses, Renounce Religion


You were on level 2 of the Dungeon.
You worshipped Kikubaaqudgha.
Kikubaaqudgha was aware of your devotion.
You were not hungry.

You visited 1 branch of the dungeon, and saw 2 of its levels.

You collected 73 gold pieces.

Inventory:

Hand Weapons
 p - a +2 dagger of speed
 v - a +0 short sword of venom (weapon)
 y - a +2 mace of crushing
Missiles
 b - 59 stones (quivered)
 h - 2 throwing nets
 u - 28 arrows
Armour
 c - a +0 robe (worn)
 A - a +0 helmet (worn)
Scrolls
 f - 2 scrolls of enchant armour {unknown}
 i - a scroll of remove curse {unknown}
 j - 2 scrolls of random uselessness {unknown}
 x - a scroll of teleportation {unknown}
Potions
 a - a potion of lignification {unknown}
 k - a potion of flight {unknown}
 l - a potion of resistance {unknown}
 m - 3 potions of brilliance {unknown}
 o - a potion of magic {unknown}
 r - a potion of haste {unknown}
 t - 2 potions of berserk rage {unknown}
Books
 e - a book of Geomancy

   Spells                             Type                      Level
   a - Sandblast                      Earth                        1
   b - Passwall                       Transmutation/Earth          2
   c - Stone Arrow                    Conjuration/Earth            3
   d - Petrify                        Transmutation/Earth          4
   e - Lee's Rapid Deconstruction     Earth                        5
 n - Kikubaaqudgha's Disquisition on Black Secrets
   (Kikubaaqudgha gifted it to you on level 2 of the Dungeon)

   Spells                             Type                      Level
   a - Animate Skeleton               Necromancy                   1
   b - Pain                           Necromancy                   1
   c - Corpse Rot                     Necromancy                   2
   d - Vampiric Draining              Necromancy                   3
Comestibles
 d - 4 rations
 g - 3 chunks of flesh


   Skills:
 + Level 0.2 Fighting
 + Level 1.7 Dodging
 + Level 3.2 Stealth
 + Level 2.6 Spellcasting
 + Level 0.7 Transmutations
 * Level 5.4 Earth Magic


You had one spell level left.
You knew the following spells:

 Your Spells              Type           Power        Failure   Level  Hunger
a - Sandblast             Erth           ###...       1%          1    #......
b - Passwall              Tmut/Erth      ##........   9%          2    ##.....
c - Stone Arrow           Conj/Erth      ##....       19%         3    ###....
d - Animate Skeleton      Necr           N/A          21%         1    #......


Dungeon Overview and Level Annotations

Branches:
Dungeon (2/15)

Altars:
Fedhas
Kikubaaqudgha

Annotations:
D:2 1 runed door, exclusion: door


Innate Abilities, Weirdness & Mutations

You are resistant to torment.
Your stone body is resilient. (AC +3)
You are immune to poison.
You resist negative energy. (rN+)
You are resistant to electric shocks. (rElec)
You can survive without breathing.
You are immune to petrification.
You are immune to rotting.


Message History

The ogre shouts!
You hear a shout!
The ogre misses you.
A kobold comes into view.
Casting: Animate Skeleton
Confirm with . or Enter, or press ? or * to list all spells.
There is nothing here that can be animated!
Casting: Animate Skeleton
Confirm with . or Enter, or press ? or * to list all spells.
Aiming: Stone Arrow
Press: ? - help, Shift-Dir - straight line, f - ogre
Aim: an ogre, wielding a giant club The stone arrow hits the ogre.
The ogre is moderately wounded.
Your rat skeleton bites the ogre but does no damage. x2
You hit the ogre.
The ogre is poisoned.
The ogre is heavily wounded.
The ogre hits you with a giant club!!
Ouch! That really hurt!
You die...
Kikubaaqudgha rasps: "You have failed me!
Welcome... oblivion!"

#####...#.# #.##.#)##.#####
##...## #...###...# #..##
#.##.#)##.##### #..#
#.#.....#......
#..########...#.....##.#.
#########.........##......Z.Z..#.
...........######.##.###.#######.
.########................# #. .#
##......@ZZ..##### #. .#
########O#### #. .# K.....##..###
#. .# #.......# #. .####
..#.##.##.# ## ....# ..
....#...#.#### ###.# .
..............#
#.####.##...#....#..#.#
#.........###...##..#.# #####♣


You could see an ogre and 2 friendly rat skeletons.

Vanquished Creatures
  Natasha (D:2)
  Robin (D:2)
  An adder (D:2)
  2 worms (D:2)
  A dart slug (D:1)
  2 leopard geckos (D:1)
  2 giant cockroaches (D:1)
  10 goblins
  11 hobgoblins
  A jackal (D:2)
  2 quokkas (D:2)
  6 bats
  2 frilled lizards
  6 kobolds
  3 rats
51 creatures vanquished.

Vanquished Creatures (collateral kills)
  A worm (D:2)
1 creature vanquished.

Grand Total: 52 creatures vanquished

Notes
Turn   | Place    | Note
-------+----------+-------------------------------------------
     0 | D:1      | Supreme the Gargoyle Earth Elementalist began the quest for the Orb.
     0 | D:1      | Reached XP level 1. HP: 10/10 MP: 3/3
   146 | D:1      | Reached skill level 4 in Earth Magic
   201 | D:1      | Reached XP level 2. HP: 10/15 MP: 1/5
   205 | D:1      | Learned a level 2 spell: Passwall
   836 | D:1      | Reached XP level 3. HP: 19/19 MP: 6/6
   841 | D:1      | Learned a level 3 spell: Stone Arrow
  1052 | D:2      | Noticed Robin
  1100 | D:2      | Found an ancient bone altar of Kikubaaqudgha.
  1117 | D:2      | Became a worshipper of Kikubaaqudgha
  1267 | D:2      | Killed Robin
  1267 | D:2      | Reached skill level 5 in Earth Magic
  1412 | D:2      | Reached XP level 4. HP: 22/24 MP: 7/7
  1621 | D:2      | Noticed Natasha
  1673 | D:2      | Killed Natasha
  1673 | D:2      | Reached * piety under Kikubaaqudgha
  1673 | D:2      | Identified Kikubaaqudgha's Disquisition on Black Secrets (Kikubaaqudgha gifted it to you on level 2 of the Dungeon)
  1673 | D:2      | Received a gift from Kikubaaqudgha
  1680 | D:2      | Learned a level 1 spell: Animate Skeleton
  1721 | D:2      | Found a runed door.
  1866 | D:2      | Noticed an ogre
  1920 | D:2      | Found a blossoming altar of Fedhas.
  2123 | D:2      | Slain by an ogre

Skill      XL: |  1  2  3  4 |
---------------+-------------+-----
Earth Magic    | 4 5 |  5.4
Stealth        | 3 |  3.2
Fighting       | |  0.2
Dodging        | |  1.7
Spellcasting   | |  2.6
Transmutations | |  0.7

Action                   |  1- 3 |  4- 6 || total
-------------------------+-------+-------++-------
Melee: Unarmed           |     4 |       ||     4
       Club              |     7 |       ||     7
       Dagger            |    70 |       ||    70
       Short sword       |    21 |    36 ||    57
 Cast: Sandblast         |    19 |     8 ||    27
       Passwall          |     1 |       ||     1
       Stone Arrow       |       |     4 ||     4
       Animate Skeleton  |       |     2 ||     2
 Stab: Sleeping          |     3 |     4 ||     7
  Eat: Chunk             |     2 |     3 ||     5
Armor: Robe              |    34 |    10 ||    44
Dodge: Dodged            |    57 |    24 ||    81
